%YAML 1.1
%TAG !u! tag:unity3d.com,2011:
--- !u!1 &386658605324045306
GameObject:
  m_ObjectHideFlags: 0
  m_CorrespondingSourceObject: {fileID: 0}
  m_PrefabInstance: {fileID: 0}
  m_PrefabAsset: {fileID: 0}
  serializedVersion: 6
  m_Component:
  - component: {fileID: 5764358350980963691}
  - component: {fileID: 8398310775769325975}
  m_Layer: 0
  m_Name: TX Props_20
  m_TagString: Untagged
  m_Icon: {fileID: 0}
  m_NavMeshLayer: 0
  m_StaticEditorFlags: 0
  m_IsActive: 1
--- !u!4 &5764358350980963691
Transform:
  m_ObjectHideFlags: 0
  m_CorrespondingSourceObject: {fileID: 0}
  m_PrefabInstance: {fileID: 0}
  m_PrefabAsset: {fileID: 0}
  m_GameObject: {fileID: 386658605324045306}
  m_LocalRotation: {x: -0, y: -0, z: -0, w: 1}
  m_LocalPosition: {x: 0, y: 0.96000004, z: 0}
  m_LocalScale: {x: 1, y: 1, z: 1}
  m_ConstrainProportionsScale: 0
  m_Children: []
  m_Father: {fileID: 7030797635718174493}
  m_RootOrder: 0
  m_LocalEulerAnglesHint: {x: 0, y: 0, z: 0}
--- !u!212 &8398310775769325975
SpriteRenderer:
  m_ObjectHideFlags: 0
  m_CorrespondingSourceObject: {fileID: 0}
  m_PrefabInstance: {fileID: 0}
  m_PrefabAsset: {fileID: 0}
  m_GameObject: {fileID: 386658605324045306}
  m_Enabled: 1
  m_CastShadows: 0
  m_ReceiveShadows: 0
  m_DynamicOccludee: 1
  m_StaticShadowCaster: 0
  m_MotionVectors: 1
  m_LightProbeUsage: 1
  m_ReflectionProbeUsage: 1
  m_RayTracingMode: 0
  m_RayTraceProcedural: 0
  m_RenderingLayerMask: 1
  m_RendererPriority: 0
  m_Materials:
  - {fileID: 10754, guid: 0000000000000000f000000000000000, type: 0}
  m_StaticBatchInfo:
    firstSubMesh: 0
    subMeshCount: 0
  m_StaticBatchRoot: {fileID: 0}
  m_ProbeAnchor: {fileID: 0}
  m_LightProbeVolumeOverride: {fileID: 0}
  m_ScaleInLightmap: 1
  m_ReceiveGI: 1
  m_PreserveUVs: 0
  m_IgnoreNormalsForChartDetection: 0
  m_ImportantGI: 0
  m_StitchLightmapSeams: 1
  m_SelectedEditorRenderState: 0
  m_MinimumChartSize: 4
  m_AutoUVMaxDistance: 0.5
  m_AutoUVMaxAngle: 89
  m_LightmapParameters: {fileID: 0}
  m_SortingLayerID: 0
  m_SortingLayer: 0
  m_SortingOrder: 3
  m_Sprite: {fileID: 1833942875, guid: 7b93a31cc860dce41a726231ccb77a45, type: 3}
  m_Color: {r: 1, g: 1, b: 1, a: 1}
  m_FlipX: 0
  m_FlipY: 0
  m_DrawMode: 0
  m_Size: {x: 1.032258, y: 1.032258}
  m_AdaptiveModeThreshold: 0.5
  m_SpriteTileMode: 0
  m_WasSpriteAssigned: 1
  m_MaskInteraction: 0
  m_SpriteSortPoint: 0
--- !u!1 &9015893767061697055
GameObject:
  m_ObjectHideFlags: 0
  m_CorrespondingSourceObject: {fileID: 0}
  m_PrefabInstance: {fileID: 0}
  m_PrefabAsset: {fileID: 0}
  serializedVersion: 6
  m_Component:
  - component: {fileID: 7030797635718174493}
  - component: {fileID: 7398089374899147734}
  - component: {fileID: 256603285449757460}
  - component: {fileID: 1295656932119158823}
  - component: {fileID: 4258578657446551863}
  m_Layer: 0
  m_Name: Box
  m_TagString: Box
  m_Icon: {fileID: 0}
  m_NavMeshLayer: 0
  m_StaticEditorFlags: 0
  m_IsActive: 1
--- !u!4 &7030797635718174493
Transform:
  m_ObjectHideFlags: 0
  m_CorrespondingSourceObject: {fileID: 0}
  m_PrefabInstance: {fileID: 0}
  m_PrefabAsset: {fileID: 0}
  m_GameObject: {fileID: 9015893767061697055}
  m_LocalRotation: {x: 0, y: 0, z: 0, w: 1}
  m_LocalPosition: {x: -10.48, y: 9.47, z: 0}
  m_LocalScale: {x: 1, y: 1, z: 1}
  m_ConstrainProportionsScale: 0
  m_Children:
  - {fileID: 5764358350980963691}
  - {fileID: 2899258228219601764}
  m_Father: {fileID: 0}
  m_RootOrder: 0
  m_LocalEulerAnglesHint: {x: 0, y: 0, z: 0}
--- !u!212 &7398089374899147734
SpriteRenderer:
  m_ObjectHideFlags: 0
  m_CorrespondingSourceObject: {fileID: 0}
  m_PrefabInstance: {fileID: 0}
  m_PrefabAsset: {fileID: 0}
  m_GameObject: {fileID: 9015893767061697055}
  m_Enabled: 1
  m_CastShadows: 0
  m_ReceiveShadows: 0
  m_DynamicOccludee: 1
  m_StaticShadowCaster: 0
  m_MotionVectors: 1
  m_LightProbeUsage: 1
  m_ReflectionProbeUsage: 1
  m_RayTracingMode: 0
  m_RayTraceProcedural: 0
  m_RenderingLayerMask: 1
  m_RendererPriority: 0
  m_Materials:
  - {fileID: 10754, guid: 0000000000000000f000000000000000, type: 0}
  m_StaticBatchInfo:
    firstSubMesh: 0
    subMeshCount: 0
  m_StaticBatchRoot: {fileID: 0}
  m_ProbeAnchor: {fileID: 0}
  m_LightProbeVolumeOverride: {fileID: 0}
  m_ScaleInLightmap: 1
  m_ReceiveGI: 1
  m_PreserveUVs: 0
  m_IgnoreNormalsForChartDetection: 0
  m_ImportantGI: 0
  m_StitchLightmapSeams: 1
  m_SelectedEditorRenderState: 0
  m_MinimumChartSize: 4
  m_AutoUVMaxDistance: 0.5
  m_AutoUVMaxAngle: 89
  m_LightmapParameters: {fileID: 0}
  m_SortingLayerID: 0
  m_SortingLayer: 0
  m_SortingOrder: 5
  m_Sprite: {fileID: -875664701, guid: 7b93a31cc860dce41a726231ccb77a45, type: 3}
  m_Color: {r: 1, g: 1, b: 1, a: 1}
  m_FlipX: 0
  m_FlipY: 0
  m_DrawMode: 0
  m_Size: {x: 1.032258, y: 1.032258}
  m_AdaptiveModeThreshold: 0.5
  m_SpriteTileMode: 0
  m_WasSpriteAssigned: 1
  m_MaskInteraction: 0
  m_SpriteSortPoint: 0
--- !u!61 &256603285449757460
BoxCollider2D:
  m_ObjectHideFlags: 0
  m_CorrespondingSourceObject: {fileID: 0}
  m_PrefabInstance: {fileID: 0}
  m_PrefabAsset: {fileID: 0}
  m_GameObject: {fileID: 9015893767061697055}
  m_Enabled: 1
  m_Density: 1
  m_Material: {fileID: 0}
  m_IsTrigger: 0
  m_UsedByEffector: 0
  m_UsedByComposite: 0
  m_Offset: {x: 0.0033001304, y: 0.18150854}
  m_SpriteTilingProperty:
    border: {x: 0, y: 0, z: 0, w: 0}
    pivot: {x: 0.5, y: 0.5}
    oldSize: {x: 1.032258, y: 1.032258}
    newSize: {x: 1.032258, y: 1.032258}
    adaptiveTilingThreshold: 0.5
    drawMode: 0
    adaptiveTiling: 0
  m_AutoTiling: 0
  serializedVersion: 2
  m_Size: {x: 0.8540498, y: 1.2104664}
  m_EdgeRadius: 0
--- !u!50 &1295656932119158823
Rigidbody2D:
  serializedVersion: 4
  m_ObjectHideFlags: 0
  m_CorrespondingSourceObject: {fileID: 0}
  m_PrefabInstance: {fileID: 0}
  m_PrefabAsset: {fileID: 0}
  m_GameObject: {fileID: 9015893767061697055}
  m_BodyType: 0
  m_Simulated: 1
  m_UseFullKinematicContacts: 0
  m_UseAutoMass: 0
  m_Mass: 1
  m_LinearDrag: 0
  m_AngularDrag: 0.05
  m_GravityScale: 1
  m_Material: {fileID: 0}
  m_Interpolate: 0
  m_SleepingMode: 1
  m_CollisionDetection: 0
  m_Constraints: 7
--- !u!114 &4258578657446551863
MonoBehaviour:
  m_ObjectHideFlags: 0
  m_CorrespondingSourceObject: {fileID: 0}
  m_PrefabInstance: {fileID: 0}
  m_PrefabAsset: {fileID: 0}
  m_GameObject: {fileID: 9015893767061697055}
  m_Enabled: 1
  m_EditorHideFlags: 0
  m_Script: {fileID: 11500000, guid: b839eded5cff7624aa4e04da1ea383a1, type: 3}
  m_Name: 
  m_EditorClassIdentifier: 
  items: {fileID: 11400000, guid: 07ea731f2ec216045be5ca33e10fe57c, type: 2}
  particleSystem: {fileID: 3506078989294141941}
--- !u!1001 &4227503327649972236
PrefabInstance:
  m_ObjectHideFlags: 0
  serializedVersion: 2
  m_Modification:
    m_TransformParent: {fileID: 7030797635718174493}
    m_Modifications:
    - target: {fileID: 721424364260377081, guid: fef8e2012165e1f46a4a6610babc0c30, type: 3}
      propertyPath: InitialModule.startSize.scalar
      value: 0.4
      objectReference: {fileID: 0}
    - target: {fileID: 721424364260377081, guid: fef8e2012165e1f46a4a6610babc0c30, type: 3}
      propertyPath: InitialModule.startLifetime.scalar
      value: 0.15
      objectReference: {fileID: 0}
    - target: {fileID: 1297096742561181870, guid: fef8e2012165e1f46a4a6610babc0c30, type: 3}
      propertyPath: m_Name
      value: Particles
      objectReference: {fileID: 0}
    - target: {fileID: 1339574734743118696, guid: fef8e2012165e1f46a4a6610babc0c30, type: 3}
      propertyPath: m_RootOrder
      value: 1
      objectReference: {fileID: 0}
    - target: {fileID: 1339574734743118696, guid: fef8e2012165e1f46a4a6610babc0c30, type: 3}
      propertyPath: m_LocalPosition.x
      value: -0.028
      objectReference: {fileID: 0}
    - target: {fileID: 1339574734743118696, guid: fef8e2012165e1f46a4a6610babc0c30, type: 3}
      propertyPath: m_LocalPosition.y
      value: -0.445
      objectReference: {fileID: 0}
    - target: {fileID: 1339574734743118696, guid: fef8e2012165e1f46a4a6610babc0c30, type: 3}
      propertyPath: m_LocalPosition.z
      value: 0
      objectReference: {fileID: 0}
    - target: {fileID: 1339574734743118696, guid: fef8e2012165e1f46a4a6610babc0c30, type: 3}
      propertyPath: m_LocalRotation.w
      value: 0.88863903
      objectReference: {fileID: 0}
    - target: {fileID: 1339574734743118696, guid: fef8e2012165e1f46a4a6610babc0c30, type: 3}
      propertyPath: m_LocalRotation.x
      value: -0
      objectReference: {fileID: 0}
    - target: {fileID: 1339574734743118696, guid: fef8e2012165e1f46a4a6610babc0c30, type: 3}
      propertyPath: m_LocalRotation.y
      value: -0
      objectReference: {fileID: 0}
    - target: {fileID: 1339574734743118696, guid: fef8e2012165e1f46a4a6610babc0c30, type: 3}
      propertyPath: m_LocalRotation.z
      value: 0.45860726
      objectReference: {fileID: 0}
    - target: {fileID: 1339574734743118696, guid: fef8e2012165e1f46a4a6610babc0c30, type: 3}
      propertyPath: m_LocalEulerAnglesHint.x
      value: 0
      objectReference: {fileID: 0}
    - target: {fileID: 1339574734743118696, guid: fef8e2012165e1f46a4a6610babc0c30, type: 3}
      propertyPath: m_LocalEulerAnglesHint.y
      value: 0
      objectReference: {fileID: 0}
    - target: {fileID: 1339574734743118696, guid: fef8e2012165e1f46a4a6610babc0c30, type: 3}
      propertyPath: m_LocalEulerAnglesHint.z
      value: 54.595
      objectReference: {fileID: 0}
    m_RemovedComponents: []
  m_SourcePrefab: {fileID: 100100000, guid: fef8e2012165e1f46a4a6610babc0c30, type: 3}
--- !u!4 &2899258228219601764 stripped
Transform:
  m_CorrespondingSourceObject: {fileID: 1339574734743118696, guid: fef8e2012165e1f46a4a6610babc0c30, type: 3}
  m_PrefabInstance: {fileID: 4227503327649972236}
  m_PrefabAsset: {fileID: 0}
--- !u!198 &3506078989294141941 stripped
ParticleSystem:
  m_CorrespondingSourceObject: {fileID: 721424364260377081, guid: fef8e2012165e1f46a4a6610babc0c30, type: 3}
  m_PrefabInstance: {fileID: 4227503327649972236}
  m_PrefabAsset: {fileID: 0}
